 Dungeon Crawl Stone Soup version 0.27-a0-780-geb8d7bc (webtiles) character file.

Game seed: 1515198730271952449

11108 Illumine the Cleaver (level 11, -5/99 HPs)
             Began as a Minotaur Fighter on Mar 25, 2021.
             Was a High Priest of Okawaru.
             Splashed by an acid dragon's acid (10 damage)
             ... on level 9 of the Dungeon.
             The game lasted 00:15:28 (10998 turns).

Illumine the Cleaver (Minotaur Fighter)            Turns: 10998, Time: 00:15:28

Health: -5/99      AC: 13    Str: 25    XL:     11   Next: 45%
Magic:  12/14      EV: 13    Int:  5    God:    Okawaru [*****.]
Gold:   385        SH: 14    Dex: 12    Spells: 10/10 levels left

rFire    + . .     SeeInvis .   P - +2 broad axe (freeze)
rCold    . . .     Faith    .   c - +0 kite shield
rNeg     . . .     Spirit   .   D - +2 chain mail {rF+}
rPois    +         Reflect  .   (helmet restricted)
rElec    .         Harm     .   (no cloak)
rCorr    .         Rampage  .   N - +0 pair of gloves {Dex+3}
Will     .....                  (no boots)
Stlth    ..........             (no amulet)
HPRegen  0.26/turn              s - ring of poison resistance
MPRegen  0.14/turn              (no ring)

@: heroic, corroded
A: horns 2, retaliatory headbutt
a: Renounce Religion, Heroism, Finesse


You were on level 9 of the Dungeon.
You worshipped Okawaru.
Okawaru was extremely pleased with you.
You visited 1 branch of the dungeon, and saw 9 of its levels.

You collected 385 gold pieces.

Inventory:

Hand Weapons
 d - a +2 dire flail of protection
 f - a +0 hunting sling
 z - a +1 hand crossbow of freezing
 A - the +7 hand axe of the Dancing Pill Bug {speed, *Rage rN+ Int+4 Dex+2}
   (You found it on level 5 of the Dungeon)

   Attacks with this weapon are significantly faster.
   It affects your intelligence (+4).
   It affects your dexterity (+2).
   It protects you from negative energy.
   It may make you go berserk in combat.
 F - the +4 long sword of Ravage {vorpal, Dex+2}
   (You found it on level 7 of the Dungeon)

   It inflicts extra damage upon your enemies.
   It affects your dexterity (+2).
 M - a +4 mace of freezing
 P - a +2 broad axe of freezing (weapon)
Missiles
 o - 32 poisoned darts (quivered)
 E - 16 bolts
 Q - 3 silver javelins
Armour
 c - a +0 kite shield (worn)
 y - a +2 ring mail of cold resistance
 D - a +2 chain mail of fire resistance (worn)
 N - a +0 pair of gloves of dexterity (worn)
Jewellery
 s - a ring of poison resistance (right hand)
 J - a ring of fire
Wands
 t - a wand of paralysis (8)
 x - a wand of polymorph (9)
Scrolls
 h - 2 scrolls of blinking {unknown}
 k - 5 scrolls of identify {unknown}
 l - 5 scrolls of teleportation {unknown}
 m - 2 scrolls of immolation {unknown}
 n - 2 scrolls of summoning {unknown}
 p - a scroll of vulnerability {unknown}
 q - a scroll of noise {unknown}
 r - 3 scrolls of acquirement {unknown}
 u - a scroll of enchant weapon {unknown}
 v - a scroll of amnesia {unknown}
 B - a scroll of fear {unknown}
 G - a scroll of enchant armour {unknown}
 H - a scroll of magic mapping {unknown}
 I - a scroll of silence {unknown}
Potions
 a - a potion of degeneration {unknown}
 b - 2 potions of mutation {unknown}
 e - 4 potions of curing {unknown}
 g - 3 potions of heal wounds {unknown}
 i - a potion of magic {unknown}
 j - a potion of berserk rage {unknown}
 w - 2 potions of lignification {unknown}
 C - a potion of resistance {unknown}
 K - a potion of might
 L - a potion of invisibility {unknown}
 O - a potion of ambrosia {unknown}


   Skills:
 + Level 10.1(15.1) Fighting
 + Level 11.1(16.1) Axes
 + Level 10.1(15.1) Armour
 + Level 7.0(12.0) Dodging
 + Level 8.6(13.6) Shields
 + Level 6.3 Invocations


You had 10 spell levels left.
You didn't know any spells.
Your spell library contained the following spells:

 Spells                   Type           Power      Damage    Failure   Level
 Animate Skeleton         Necr           0%         N/A       94%         1
 Apportation              Tloc           0%         N/A       94%         1
 Corona                   Hex            0%         N/A       94%         1
 Foxfire                  Conj/Fire      0%         2x1d4     94%         1
 Magic Dart               Conj           0%         1d3       94%         1
 Sandblast                Erth           0%         2d4       94%         1
 Summon Small Mammal      Summ           0%         N/A       94%         1
 Blink                    Tloc           N/A        N/A       98%         2
 Call Imp                 Summ           0%         N/A       98%         2
 Passwall                 Tmut/Erth      0%         N/A       98%         2
 Slow                     Hex            0%         N/A       98%         2
 Confusing Touch          Hex            0%         N/A       100%        3
 Conjure Flame            Conj/Fire      0%         6-21      100%        3
 Gell's Gravitas          Tloc           0%         N/A       100%        3
 Inner Flame              Hex/Fire       0%         N/A       100%        3
 Mephitic Cloud           Conj/Pois/Air  0%         N/A       100%        3
 Stone Arrow              Conj/Erth      0%         3d7       100%        3
 Petrify                  Tmut/Erth      0%         N/A       100%        4
 Sticky Flame             Conj/Fire      0%         2d3       100%        4
 Fireball                 Conj/Fire      0%         3d3       100%        5
 Lee's Rapid Deconstruct  Erth           0%         3d5*      100%        5
 Metabolic Englaciation   Hex/Ice        0%         N/A       100%        5
 Yara's Violent Unravell  Hex/Tmut       0%         3d3       100%        5


Dungeon Overview and Level Annotations

Branches:
Dungeon (9/15)             Temple (0/1) D:6
   Lair: D:8-11         Orc: D:9-12

Altars:
Elyvilon
Okawaru
Uskayaw
Zin
The Shining One


Innate Abilities, Weirdness & Mutations

You have a pair of horns on your head.
You reflexively headbutt those who attack you in melee.


Message History

The red ugly thing is almost dead.
The red ugly thing punches you but does no damage.
You closely miss the red ugly thing.
The red ugly thing is almost dead.
The red ugly thing punches you.
You are engulfed in flames!
You resist.
You slash the red ugly thing! You freeze the red ugly thing.
You kill the red ugly thing!
Okawaru accepts your kill. Something appears at your feet!
Okawaru grants you ammunition!
Your Dodging skill increases to level 7!
You start resting.
An acid dragon comes into view.
Q - 3 silver javelins The acid dragon roars!
The acid dragon spits acid at you.
The splash of acid hits you but does no damage.
You are splashed with acid!
The acid dragon spits acid at you. The splash of acid hits you.
The acid corrodes you!
You are splashed with acid!
* * * LOW HITPOINT WARNING * * *
You gain the combat prowess of a mighty hero.
The acid dragon spits acid at you. The splash of acid hits you.
* * * LOW HITPOINT WARNING * * *
You are splashed with acid!
* * * LOW HITPOINT WARNING * * *
Okay, then.
You barely miss the acid dragon. Your headbutt misses the acid dragon.
You slash the acid dragon! You freeze the acid dragon.
Your headbutt misses the acid dragon.
The acid dragon is moderately wounded.
You block the acid dragon's attack. The acid dragon misses you.
You completely miss the acid dragon. Your headbutt misses the acid dragon.
The acid dragon is moderately wounded.
The acid dragon spits acid at you. The splash of acid hits you.
* * * LOW HITPOINT WARNING * * *
You are splashed with acid!
You die...

.............##
...[).........##
...#.......†...#
.###.........##########
...#........[..........
)......................
###########...#########
♣♣.♣♣.♣D♣ ♣.♣.♣@♣.♣
♣.#.♣.♣.♣D.
♣.♣.♣.♣.♣.♣♣♣
♣.♣♣.♣♣.♣.♣.♣ ## ##
######


You could see an acid dragon (catching breath).

Vanquished Creatures
  A death knight (D:9)
  2 centaur warriors (D:9)
  2 two-headed ogres (D:9)
  An ugly thing (D:9)
  4 trolls
  2 hornets
  Prince Ribbit (D:8)
  A wraith (D:9)
  A vampire (D:9)
  10 yaks
  Edmund (D:4)
  An acid dragon (D:8)
  3 water moccasins
  2 black bears
  4 orc warriors
  3 sky beasts
  3 ogres
  2 centaurs (D:9)
  3 kobold brigands
  5 bullfrogs
  A wyvern zombie (D:9)
  2 water moccasin zombies
  9 killer bees
  9 wights
  4 howler monkeys
  4 centaur zombies
  2 gnoll shamans
  5 orc priests
  3 hounds
  2 jellies
  Ijyb (D:5)
  2 iguanas
  6 orc wizards
  A hound zombie (D:5)
  A hound skeleton (D:4)
  A howler monkey zombie (D:9)
  13 gnolls
  A howler monkey skeleton (D:6)
  4 adders
  4 worms
  3 dart slugs
  22 orcs
  10 endoplasms
  3 giant cockroaches
  5 goblins
  6 hobgoblins
  19 jackals
  38 kobolds
  6 quokkas
  5 ball pythons
  6 bats
  6 frilled lizards
  5 rats
261 creatures vanquished.

Vanquished Creatures (others)
  96 plants
96 creatures vanquished.

Grand Total: 357 creatures vanquished

Notes
Turn   | Place    | Note
-------+----------+-------------------------------------------
     0 | D:1      | Illumine the Minotaur Fighter began the quest for the Orb.
     0 | D:1      | Reached XP level 1. HP: 19/19 MP: 0/0
   206 | D:1      | Reached skill level 3 in Axes
   206 | D:1      | Reached XP level 2. HP: 26/27 MP: 1/1
   486 | D:1      | Reached XP level 3. HP: 24/33 MP: 2/2
  1646 | D:2      | Reached skill level 4 in Axes
  1811 | D:2      | Reached XP level 4. HP: 39/41 MP: 3/3
  2270 | D:3      | Upgraded the game from 0.27-a0-770-g74b304f to
                  | 0.27-a0-773-gaaee5cf
  2635 | D:3      | Reached XP level 5. HP: 41/47 MP: 4/4
  3040 | D:4      | Reached skill level 5 in Axes
  3237 | D:4      | Reached skill level 5 in Fighting
  3237 | D:4      | Reached skill level 5 in Armour
  3493 | D:4      | Reached XP level 6. HP: 32/56 MP: 5/5
  3893 | D:4      | Found a white marble altar of Elyvilon.
  3894 | D:4      | Found a glowing silver altar of Zin.
  3895 | D:4      | Found a glowing golden altar of the Shining One.
  3980 | D:4      | Found an iron altar of Okawaru.
  3983 | D:4      | Noticed Edmund
  3986 | D:4      | Became a worshipper of Warmaster Okawaru
  3996 | D:4      | Killed Edmund
  3997 | D:4      | Reached skill level 6 in Axes
  4243 | D:4      | Reached * piety under Okawaru
  4623 | D:5      | Entered Level 5 of the Dungeon
  4630 | D:5      | Reached XP level 7. HP: 55/62 MP: 6/6
  4649 | D:5      | Reached skill level 7 in Axes
  4830 | D:5      | Upgraded the game from 0.27-a0-773-gaaee5cf to
                  | 0.27-a0-779-gdc96bc6
  4994 | D:5      | Noticed Ijyb
  5007 | D:5      | Killed Ijyb
  5070 | D:5      | Reached skill level 8 in Axes
  5256 | D:5      | Reached ** piety under Okawaru
  5264 | D:5      | Reached XP level 8. HP: 66/71 MP: 7/7
  5399 | D:5      | Reached skill level 1 in Dodging
  5399 | D:5      | Reached skill level 1 in Invocations
  5574 | D:5      | Identified the +7 hand axe of the Dancing Pill Bug {speed,
                  | *Rage rN+ Int+4 Dex+2}
  6019 | D:6      | Found a staircase to the Ecumenical Temple.
  6688 | D:6      | Reached skill level 5 in Shields
  6755 | D:6      | Reached *** piety under Okawaru
  6862 | D:7      | Reached XP level 9. HP: 79/79 MP: 10/10
  7159 | D:7      | Reached skill level 9 in Axes
  7296 | D:7      | Identified the +4 long sword of Ravage {vorpal, Dex+2}
  7620 | D:8      | Found a hide-covered altar of Uskayaw.
  7690 | D:8      | Noticed Prince Ribbit
  7698 | D:8      | Killed Prince Ribbit
  7698 | D:8      | Reached **** piety under Okawaru
  7887 | D:8      | Noticed a troll
  7932 | D:7      | Killed a troll
  8084 | D:8      | Reached XP level 10. HP: 90/90 MP: 12/12
  8090 | D:8      | Reached ***** piety under Okawaru
  8093 | D:8      | Reached skill level 5 in Dodging
  8187 | D:8      | Reached skill level 10 in Axes
  8883 | D:9      | Noticed a two-headed ogre
  8890 | D:8      | Reached skill level 5 in Invocations
  9066 | D:9      | Killed a two-headed ogre
  9066 | D:9      | Received a gift from Okawaru
  9089 | D:9      | Noticed a two-headed ogre
  9239 | D:9      | Killed a two-headed ogre
  9278 | D:9      | Noticed a centaur warrior
  9320 | D:9      | Noticed a centaur warrior
  9938 | D:9      | Killed a centaur warrior
  9939 | D:9      | Reached XP level 11. HP: 87/99 MP: 14/14
 10141 | D:9      | Upgraded the game from 0.27-a0-779-gdc96bc6 to
                  | 0.27-a0-780-geb8d7bc
 10157 | D:9      | Killed a centaur warrior
 10339 | D:9      | Reached skill level 11 in Axes
 10536 | D:9      | Noticed a death knight
 10562 | D:9      | Killed a death knight
 10563 | D:9      | Reached skill level 10 in Fighting
 10563 | D:9      | Reached skill level 10 in Armour
 10976 | D:9      | Noticed a red ugly thing
 10984 | D:9      | Killed a red ugly thing
 10984 | D:9      | Received a gift from Okawaru
 10998 | D:9      | Splashed by an acid dragon's acid

Illustrated notes

Levels and vault maps discovered:
D:1:      kennysheep_arrival_seaside, layout_basic, serial_forest,
          infiniplex_forest_clump_curved, infiniplex_forest_clump_tiny,
          infiniplex_forest_end_1, infiniplex_forest_zigzag_1,
          infiniplex_forest_clump_long, infiniplex_forest_straight_2,
          item_on_display_a
D:2:      layout_basic
D:3:      layout_loops_ring, lexackson_kobold_supper
D:4:      layout_basic, good_gods_temple_1, lemuel_round_altar, uniq_edmund
D:5:      kennysheep_kobold_camp, layout_loops_ring, minmay_strange_pillars,
          uniq_ijyb
D:6:      layout_loops_ring, minmay_temple_entry_statues_pillars
D:7:      layout_cave_pools, grunt_ministairs_14, kennysheep_generic_room_9
D:8:      layout_gridville, basic_altar, uniq_prince_ribbit1
D:9:      nzn_winding_woodlands_medium [nzn_winding_woodlands_5x5_open_star,
          nzn_winding_woodlands_5x15_garden,
          nzn_winding_woodlands_5x5_checkerboard,
          nzn_winding_woodlands_hourglass, nzn_winding_woodlands_center_garden,
          nzn_winding_woodlands_5x5_three, nzn_winding_woodlands_5x5_default,
          nzn_winding_woodlands_5x15_split_checker,
          nzn_winding_woodlands_5x5_closed_star], layout_cave_pools,
          orc_0_dummy, minmay_mirror_moons_of_madness

Skill      XL: |  1  2  3  4  5  6  7  8  9 10 11 |
---------------+----------------------------------+-----
Axes           | 3 4 5 6 8 9 10 11 | 11.1
Fighting       | 4 5 6 7 8 9 10 | 10.1
Armour         | 4 5 6 7 8 9 10 | 10.1
Dodging        | 3 4 6 7 |  7.0
Shields        | 5 6 8 |  8.6
Invocations    | 2 4 5 6 |  6.3

Action                   |  1- 3 |  4- 6 |  7- 9 | 10-12 || total
-------------------------+-------+-------+-------+-------++-------
Melee: War axe           |   102 |   161 |    85 |       ||   348
       Headbutt          |    16 |    22 |    45 |    60 ||   143
       Hand axe          |       |       |   153 |   237 ||   390
       Broad axe         |       |       |       |    12 ||    12
Throw: Dart              |       |       |     3 |     1 ||     4
Invok: Heroism           |       |       |       |     3 ||     3
  Use: Potion            |       |     1 |       |       ||     1
Armor: Scale mail        |    64 |    52 |       |       ||   116
       Chain mail        |       |    26 |    61 |   105 ||   192
       Ring mail         |       |       |    29 |       ||    29
       Skin              |       |       |     5 |       ||     5
Dodge: Dodged            |    31 |    44 |    51 |    76 ||   202
Block: Kite shield       |    57 |    76 |   110 |   137 ||   380

Table legend: (Time is in decaauts)
 A = Elapsed time spent in this place.
 B = Non-inter-level travel time spent in this place.
 C = Inter-level travel time spent in this place.
 D = Time resting spent in this place.
 E = Time spent auto-exploring this place.
 F = Levels seen in this place.
 G = Mean time per level.
                   A        B        C        D        E       F      G
               +--------+--------+--------+--------+--------+-----+--------+
         Total |  11228 |  10884 |    344 |   3551 |   5498 |   9 | 1247.6 |
       Dungeon |  11228 |  10884 |    344 |   3551 |   5498 |   9 | 1247.6 |
               +--------+--------+--------+--------+--------+-----+--------+

Top non-repeatable levels by time:
     D:8: 2025 daAuts
     D:4: 1543 daAuts
     D:9: 1371 daAuts
     D:1: 1323 daAuts
     D:5: 1192 daAuts
     D:6: 1096 daAuts
     D:2: 1009 daAuts
     D:3: 881 daAuts
     D:7: 786 daAuts
